 Dungeon Crawl Stone Soup version 0.18.1-6-gd335043 (webtiles) character file.

7079 Shtopit the Grappler (level 10, -5/100 HPs)
             Began as a Troll Monk on May 19, 2016.
             Was a High Priest of Okawaru.
             Slain by a spiny frog (8 damage)
             ... on level 2 of the Lair of Beasts.
             The game lasted 00:23:36 (8124 turns).

Shtopit the Grappler (Troll Monk)                   Turns: 8124, Time: 00:23:37

Health: -5/100     AC: 10    Str: 21    XL:     10   Next: 84%
Magic:  9/9        EV:  1    Int:  6    God:    Okawaru [*****.]
Gold:   516        SH:  0    Dex: 15    Spells: 2 memorised, 5 levels left

rFire  + . .     SeeInvis +       - Unarmed
rCold  . . .     Gourm    +     i - +2 robe {MR+}
rNeg   + + +     Faith    .     (no shield)
rPois  ∞         Spirit   .     (helmet restricted)
rElec  .         Dismiss  .     t - +2 cloak
rCorr  .         Reflect  .     (gloves unavailable)
SustAt .         Harm     .     (boots unavailable)
MR     +....                    (no amulet)
Stlth  ++........               B - ring of protection from fire
                                g - ring of see invisible

@: petrified, somewhat resistant to hostile enchantments, unstealthy
A: unfitting armour, claws 3, fast metabolism 3, gourmand, regeneration 2,
shaggy fur 1, tough skin 2
a: Heroism, Finesse, Renounce Religion


You were on level 2 of the Lair of Beasts.
You worshipped Okawaru.
Okawaru was extremely pleased with you.
You were not hungry.

You visited 3 branches of the dungeon, and saw 11 of its levels.

You collected 516 gold pieces.

Inventory:

Hand Weapons
 m - a +1 hunting sling
 R - a +2 hand crossbow of flaming
Missiles
 o - 101 stones (quivered)
 E - 39 poisoned needles
Armour
 a - a +0 robe
 i - a +2 robe of magic resistance (worn)
 t - a +2 cloak (worn)
 K - a +1 animal skin
Jewellery
 g - a ring of see invisible (left claw)
 B - a ring of protection from fire (right claw)
Wands
 w - a wand of paralysis (8/24)
 H - a wand of lightning (11/15)
 I - a wand of flame (13/48)
 J - a wand of digging (19/24)
Scrolls
 c - a scroll of enchant weapon
 d - a scroll of amnesia
 l - 6 scrolls of remove curse
 n - 7 scrolls of teleportation
 p - 2 scrolls of immolation
 s - 2 scrolls of recharging
 z - 2 scrolls of enchant armour
 P - 2 scrolls of identify
Potions
 e - 6 potions of curing
 f - a potion of resistance {unknown}
 j - 4 potions of lignification
 k - a potion of brilliance
 r - 5 potions of degeneration
 v - a potion of agility
 x - a potion of flight
Books
 F - a book of Envenomations

   Spells                             Type                      Level
   a - Spider Form                    Transmutation/Poison         3
   b - Olgreb's Toxic Radiance        Poison                       4
   c - Alistair's Intoxication        Transmutation/Poison         5
   d - Poisonous Cloud                Conjuration/Poison/Air       6
 N - a book of Geomancy

   Spells                             Type                      Level
   a - Sandblast                      Earth                        1
   b - Passwall                       Transmutation/Earth          2
   c - Stone Arrow                    Conjuration/Earth            3
   d - Petrify                        Transmutation/Earth          4
   e - Lee's Rapid Deconstruction     Earth                        5
 Q - a Young Poisoner's Handbook

   Spells                             Type                      Level
   a - Sting                          Conjuration/Poison           1
   b - Cure Poison                    Poison                       2
   c - Mephitic Cloud                 Conjuration/Poison/Air       3
   d - Olgreb's Toxic Radiance        Poison                       4
   e - Venom Bolt                     Conjuration/Poison           5
Comestibles
 b - 8 bread rations
 h - 6 meat rations
 q - 5 beef jerkies
 u - 15 fruits
 C - 9 slices of pizza


   Skills:
 + Level 6.7 Fighting
 + Level 8.7 Dodging
 + Level 4.0 Stealth
 + Level 10.3 Unarmed Combat
 + Level 0.3 Spellcasting
 + Level 0.2 Poison Magic
 + Level 0.5 Invocations


You had 5 spell levels left.
You knew the following spells:

 Your Spells              Type           Power        Failure   Level  Hunger
a - Cure Poison           Pois           #.........   77%         2    ###....
b - Passwall              Trmt/Erth      #.........   77%         2    ###....


Dungeon Overview and Level Annotations

Branches:
Dungeon (8/15)             Temple (1/1) D:4            Lair (2/8) D:8

Altars:
Ashenzari
Cheibriados
Elyvilon
Fedhas
Gozag
Kikubaaqudgha
Makhleb
Nemelex Xobeh
Okawaru
Pakellas
Qazlal
Ru
Sif Muna
Trog
Vehumet
Xom
Yredelemnul
Zin
The Shining One


Innate Abilities, Weirdness & Mutations

You are too large for most types of armour.
You have claws for hands.
Your metabolism is lightning-fast.
You like to eat raw meat.
You heal very quickly.
You are covered in fur (AC +1).
You have very tough skin (AC +2).


Message History

The spiny frog stings you! The six-headed hydra barely misses you.
The six-headed hydra bites you! x2; The six-headed hydra bites you.
The six-headed hydra bites you! The six-headed hydra bites you.
The spiny frog stings you but does no damage.
The six-headed hydra bites you but does no damage. x2
The six-headed hydra bites you! x2
* * * LOW HITPOINT WARNING * * *
The six-headed hydra bites you but does no damage.
The six-headed hydra bites you!
* * * LOW HITPOINT WARNING * * *
The spiny frog stings you but does no damage.
The six-headed hydra bites you!
* * * LOW HITPOINT WARNING * * *
The six-headed hydra bites you but does no damage. x2
The six-headed hydra bites you!
* * * LOW HITPOINT WARNING * * *
The six-headed hydra bites you. The six-headed hydra bites you!
* * * LOW HITPOINT WARNING * * *
The spiny frog stings you!
You die...

........## ......$..##
### .. ..##..#...###.###
#..# ## #...##....##
#...#
#..##.l.#.....######..##
#...........###..#.....
#..##..##...#P...#.....
#....FD.#...+..#.......
#.....@.#...#.#......#.
#.P.#...##P#.#.†...#...
#....#.########..#...P.
#####.## ##.....#. +
###..### ##.# #.# #.#
>..


You could see a six-headed hydra, a spiny frog and a basilisk.

Vanquished Creatures
  Erolcha (D:8)
  A black mamba (Lair:1)
  Psyche (D:8)
  2 spiny frogs
  9 yaks (Lair:1)
  A human (D:7)
  3 hippogriffs
  A porcupine (Lair:1)
  An orc warrior (D:8)
  3 sky beasts
  A black bear (D:4)
  A wasp (D:8)
  An eye of draining (D:8)
  2 crocodiles
  A centaur (D:7)
  5 giant frogs
  3 scorpions
  9 killer bees
  6 wights
  A howler monkey (D:5)
  A jelly (D:8)
  A quasit (D:6)
  A giant frog zombie (D:8)
  3 hounds
  2 orc priests (D:5)
  An orc wizard (D:5)
  2 iguanas (Lair:1)
  9 worker ants
  4 sheep (D:7)
  A killer bee zombie (D:8)
  3 hound skeletons
  5 adders
  9 gnolls
  A howler monkey skeleton (D:6)
  30 river rats
  2 shadow imps
  4 oozes
  4 worms
  4 dart slugs
  A giant gecko (D:1)
  14 orcs
  6 giant cockroaches
  6 goblins
  6 hobgoblins
  2 jackals (D:7)
  8 kobolds
  4 quokkas
  2 ball pythons (D:4)
  14 bats
  3 giant newts
  A jackal skeleton (D:8)
  43 rats
  2 fungi (D:8)
252 creatures vanquished.

Vanquished Creatures (others)
  A human (D:5)
  A plant (D:8)
2 creatures vanquished.

Grand Total: 254 creatures vanquished

Notes
Turn   | Place    | Note
--------------------------------------------------------------
     0 | D:1      | Shtopit the Troll Monk began the quest for the Orb.
     0 | D:1      | Reached XP level 1. HP: 22/22 MP: 0/0
   195 | D:1      | Reached XP level 2. HP: 29/29 MP: 1/1
   401 | D:1      | Found a shattered altar of Ashenzari.
   415 | D:1      | Reached XP level 3. HP: 28/36 MP: 2/2
   938 | D:2      | Found a sparkling altar of Nemelex Xobeh.
  1132 | D:2      | Reached XP level 4. HP: 40/44 MP: 3/3
  1508 | D:2      | Found a deep blue altar of Sif Muna.
  1634 | D:2      | Reached skill level 5 in Unarmed Combat
  1728 | D:2      | Found a burning altar of Makhleb.
  2392 | D:3      | Reached XP level 5. HP: 53/53 MP: 4/4
  2711 | D:4      | Found a staircase to the Ecumenical Temple.
  2722 | Temple   | Entered the Ecumenical Temple
  2790 | Temple   | Became a worshipper of Warmaster Okawaru
  2790 | Temple   | Reached * piety under Okawaru
  2790 | Temple   | Reached ** piety under Okawaru
  2949 | D:4      | Found a radiant altar of Vehumet.
  2952 | D:4      | Found a blossoming altar of Fedhas.
  2955 | D:4      | Found a basalt altar of Yredelemnul.
  3022 | D:4      | Noticed a black bear
  3027 | D:4      | Killed a black bear
  3027 | D:4      | Reached XP level 6. HP: 61/61 MP: 5/5
  3068 | D:4      | Found a sacrificial altar of Ru.
  3237 | D:5      | Entered Level 5 of the Dungeon
  3397 | D:5      | Noticed a sky beast
  3407 | D:5      | Killed a sky beast
  3407 | D:5      | Reached *** piety under Okawaru
  3407 | D:5      | Reached skill level 6 in Unarmed Combat
  3407 | D:5      | Reached XP level 7. HP: 67/67 MP: 6/6
  3886 | D:5      | Found an ancient bone altar of Kikubaaqudgha.
  3887 | D:5      | Noticed a human
  3889 | D:5      | Killed a human
  4276 | D:6      | Found an opulent altar of Gozag.
  4289 | D:6      | Reached XP level 8. HP: 75/78 MP: 7/7
  4427 | D:6      | Reached skill level 5 in Dodging
  4427 | D:6      | Reached skill level 7 in Unarmed Combat
  4821 | D:7      | Reached **** piety under Okawaru
  5057 | D:7      | Reached skill level 5 in Fighting
  5260 | D:7      | Reached XP level 9. HP: 66/88 MP: 8/8
  5262 | D:7      | Reached skill level 8 in Unarmed Combat
  5578 | D:8      | Reached ***** piety under Okawaru
  5697 | D:8      | Found a staircase to the Lair.
  6110 | D:8      | Noticed Psyche
  6121 | D:8      | Killed Psyche
  6121 | D:8      | Reached skill level 9 in Unarmed Combat
  6374 | D:8      | Noticed Erolcha
  6388 | D:8      | Received a gift from Okawaru
  6402 | D:8      | Killed Erolcha
  6402 | D:8      | Reached XP level 10. HP: 23/98 MP: 9/9
  6629 | Lair:1   | Entered Level 1 of the Lair of Beasts
  7288 | Lair:1   | Learned a level 2 spell: Cure Poison
  7291 | Lair:1   | Learned a level 2 spell: Passwall
  7312 | Lair:1   | Reached skill level 10 in Unarmed Combat
  7528 | Lair:1   | Noticed a black mamba
  7542 | Lair:1   | Killed a black mamba
  7699 | Lair:1   | Noticed a spiny frog
  7712 | Lair:1   | Killed a spiny frog
  7993 | Lair:2   | Noticed a spiny frog
  8004 | Lair:2   | Killed a spiny frog
  8004 | Lair:2   | Received a gift from Okawaru
  8107 | Lair:2   | Noticed a six-headed hydra
  8108 | Lair:2   | Noticed a spiny frog
  8123 | Lair:2   | HP: 3/100 [six-headed hydra (7)]
  8124 | Lair:2   | Slain by a spiny frog

Skill      XL: |  1  2  3  4  5  6  7  8  9 10 |
---------------+-------------------------------+-----
Dodging        | 3 4 6 7 8 |  8.7
Unarmed Combat | 5 6 7 9 10 | 10.3
Fighting       | 3 5 6 |  6.7
Stealth        | 2 3 4 |  4.0
Spellcasting   | |  0.3
Poison Magic   | |  0.2
Invocations    | |  0.5

Action                   |  1- 3 |  4- 6 |  7- 9 | 10-12 || total
-------------------------+-------+-------+-------+-------++-------
Melee: Unarmed           |    90 |   164 |   399 |   156 ||   809
       Punch             |       |     5 |     8 |     7 ||    20
 Cast: Cure Poison       |       |       |       |     3 ||     3
Invok: Heroism           |       |       |       |     1 ||     1
  Use: Scroll            |       |       |     7 |     5 ||    12
       Potion            |       |       |     3 |     8 ||    11
 Stab: Distracted        |     1 |       |       |       ||     1
       Sleeping          |       |     4 |     3 |     3 ||    10
  Eat: Chunk             |    16 |    19 |    29 |    13 ||    77
Armor: Robe              |    25 |    62 |    51 |    14 ||   152
       Animal skin       |       |       |    59 |    49 ||   108
Dodge: Dodged            |    41 |    87 |   264 |    88 ||   480
